PCL
OMAHA STORM CHASERS @ LAS VEGAS 51S
05/14/2099
 
TOP OF THE 1ST
Omaha Storm Chasers batting - Pitching for Las Vegas 51s : RHP Tommy Diamond
Pitching: RHP Tommy Diamond
Batting: RHB Jacob Huckaby 0-0: Ball
1-0: Ball
2-0: Bunt missed!
2-1: Fly out, F6 (Popup, 6M, EV 31.9 MPH)
Batting: RHB Jayden Oden 0-0: Ball
1-0: Foul Ball, location: 7LSF
1-1: Foul Ball, location: 2F
1-2: Ball
2-2: Ball
3-2: Ground out 5-3 (Groundball, 5, EV 81.9 MPH)
Batting: RHB Travis Bernsen 0-0: Ball
1-0: Foul Ball, location: 2F
1-1: Foul Ball, location: 2F
1-2: Strikes out swinging
Top of the 1st over - 0 runs, 0 hits, 0 errors, 0 left on base; Omaha 0 - Las Vegas 0
BOTTOM OF THE 1ST
Las Vegas 51s batting - Pitching for Omaha Storm Chasers : LHP Jim Connell
Pitching: LHP Jim Connell
Batting: LHB Brandon Corter 0-0: Called Strike
0-1: Swinging Strike
0-2: Ball
1-2: Ball
2-2: Ball
3-2: Strikes out swinging
Batting: SHB Tom Garrison 0-0: Ball
1-0: Ball
2-0: Called Strike
SINGLE, rundown, out at 1st!
Batting: SHB Dave Noriega 0-0: Swinging Strike
0-1: Ball
1-1: Foul Ball, location: 9LSF
1-2: Strikes out looking
Bottom of the 1st over - 0 runs, 1 hit, 0 errors, 0 left on base; Omaha 0 - Las Vegas 0
TOP OF THE 2ND
Omaha Storm Chasers batting - Pitching for Las Vegas 51s : RHP Tommy Diamond
Batting: RHB Matt McElhose 0-0: Called Strike
0-1: Foul Ball, location: 7LDF
0-2: Strikes out swinging
Batting: RHB Kyle Mellecker 0-0: Called Strike
0-1: Ball
1-1: Foul Ball, location: 2F
1-2: Foul Ball, location: 9LMF
1-2: Ball
2-2: Strikes out swinging
Batting: RHB Gabe Pike 0-0: Ball
1-0: Called Strike
1-1: Called Strike
1-2: Foul Ball, location: 2F
1-2: Ball
2-2: Foul Ball, location: 23F
2-2: Foul Ball, location: 2RF
2-2: Foul Ball, location: 9LMF
2-2: Strikes out swinging
Top of the 2nd over - 0 runs, 0 hits, 0 errors, 0 left on base; Omaha 0 - Las Vegas 0
BOTTOM OF THE 2ND
Las Vegas 51s batting - Pitching for Omaha Storm Chasers : LHP Jim Connell
Batting: RHB Omar Munoz 0-0: Ball
1-0: Ball
2-0: Ground out 6-3 (Groundball, 6, EV 80.6 MPH)
Batting: RHB Joseph Burgess 0-0: Called Strike
0-1: Fly out, F7 (Flyball, 7S, EV 77.5 MPH)
Batting: LHB Jared Fetzer 0-0: Foul Ball, location: 2F
0-1: Hit by Pitch
Batting: RHB Yutaka Higashi 0-0: Ball
1-0: Swinging Strike
1-1: Ball
2-1: Called Strike
Jared Fetzer is caught stealing 2nd base 2-4
Bottom of the 2nd over - 0 runs, 0 hits, 0 errors, 0 left on base; Omaha 0 - Las Vegas 0
TOP OF THE 3RD
Omaha Storm Chasers batting - Pitching for Las Vegas 51s : RHP Tommy Diamond
Batting: RHB Dan Redmond 0-0: Foul Ball, location: 2F
0-1: Called Strike
0-2: Foul Ball, location: 2F
0-2: Ball
1-2: Ball
2-2: Fly out, F6 (Line Drive, 6M, EV 68.8 MPH)
Batting: RHB Mike Cassidy 0-0: Ball
1-0: Called Strike
1-1: DOUBLE (Line Drive, 78D, EV 108.8 MPH)
Batting: RHB Tom Turnage 0-0: Swinging Strike
0-1: Ball
1-1: Foul Ball, location: 9LDF
1-2: Ball
2-2: Fly out, F7 (Flyball, 7, EV 80.6 MPH)
Batting: RHB Jacob Huckaby 0-0: Foul Ball, location: 2F
0-1: SINGLE (Line Drive, 89M, EV 101.9 MPH)
Mike Cassidy to third
Runner from 3rd tries for Home, SAFE, throw by CF to home
Batting: RHB Jayden Oden 0-0: Called Strike
Jacob Huckaby steals 2nd base
0-1: Ball
Wild Pitch!
Jacob Huckaby to third
1-1: Called Strike
1-2: Strikes out swinging
Top of the 3rd over - 1 run, 2 hits, 0 errors, 1 left on base; Omaha 1 - Las Vegas 0
BOTTOM OF THE 3RD
Las Vegas 51s batting - Pitching for Omaha Storm Chasers : LHP Jim Connell
Batting: RHB Yutaka Higashi 0-0: Ball
1-0: Called Strike
1-1: Foul Ball, location: 23F
1-2: Strikes out swinging
Batting: LHB Steve Thompson 0-0: Ball
1-0: Ball
2-0: Called Strike
2-1: Foul Ball, location: 7LDF
2-2: Ball
3-2: Foul Ball, location: 5SF
3-2: Fly out, F7 (Flyball, 7LM, EV 91.9 MPH)
Batting: RHB Gil Cruz 0-0: Ball
1-0: Swinging Strike
1-1: Swinging Strike
1-2: Ball
2-2: Strikes out swinging
Bottom of the 3rd over - 0 runs, 0 hits, 0 errors, 0 left on base; Omaha 1 - Las Vegas 0
TOP OF THE 4TH
Omaha Storm Chasers batting - Pitching for Las Vegas 51s : RHP Tommy Diamond
Batting: RHB Travis Bernsen 0-0: Called Strike
0-1: Swinging Strike
0-2: Ball
1-2: Ball
2-2: SINGLE (Line Drive, 6MD, EV 103.8 MPH)
Batting: RHB Matt McElhose 0-0: Ground out 6-3 (Groundball, 6D, EV 103.8 MPH)
Travis Bernsen to second
Batting: RHB Kyle Mellecker 0-0: Called Strike
0-1: Foul Ball, location: 5FF
0-2: Strikes out swinging
Batting: RHB Gabe Pike 0-0: Ball
1-0: Called Strike
1-1: Ball
2-1: Ball
3-1: Fly out, F9 (Flyball, 9LS, EV 75.6 MPH)
Top of the 4th over - 0 runs, 1 hit, 0 errors, 1 left on base; Omaha 1 - Las Vegas 0
BOTTOM OF THE 4TH
Las Vegas 51s batting - Pitching for Omaha Storm Chasers : LHP Jim Connell
Batting: LHB Brandon Corter 0-0: Ball
1-0: SINGLE (Line Drive, 56, EV 98.1 MPH)
Batting: SHB Tom Garrison 0-0: Ball
1-0: Ball
2-0: Foul Ball, location: 2RF
2-1: Sac Bunt to 13S - play at first, batter safe!
Brandon Corter to second
Batting: SHB Dave Noriega 0-0: Called Strike
0-1: Ball
1-1: Called Strike
1-2: Ball
2-2: Ball
3-2: SINGLE (Groundball, 6, EV 92.5 MPH)
Brandon Corter to third
Tom Garrison to second
Batting: RHB Omar Munoz 0-0: Ball
1-0: SINGLE (Line Drive, 4MD, EV 103.8 MPH)
Brandon Corter scores
Tom Garrison to third
Dave Noriega to second
Runner from 3rd tries for Home, SAFE, throw by CF to home
Batting: RHB Joseph Burgess 0-0: Grounds into double play, 6-4-3 (Groundball, 6, EV 101.3 MPH)
Dave Noriega to third
Batting: LHB Jared Fetzer 0-0: Called Strike
0-1: Swinging Strike
0-2: Strikes out looking
Bottom of the 4th over - 2 runs, 4 hits, 0 errors, 1 left on base; Omaha 1 - Las Vegas 2
TOP OF THE 5TH
Omaha Storm Chasers batting - Pitching for Las Vegas 51s : RHP Tommy Diamond
Batting: RHB Dan Redmond 0-0: SINGLE (Line Drive, 3D, EV 105.0 MPH)
Batting: RHB Mike Cassidy 0-0: Ball
1-0: Swinging Strike
1-1: Swinging Strike
Dan Redmond steals 2nd base
1-2: Ball
2-2: Ground out 6-3 (Groundball, 6, EV 100.6 MPH)
Batting: RHB Tom Turnage 0-0: Foul Ball, location: 3FF
0-1: Foul Ball, location: 7LSF
0-2: Foul Ball, location: 2F
0-2: Foul Ball, location: 9LMF
0-2: Strikes out swinging
Batting: RHB Jacob Huckaby 0-0: Ball
1-0: Fly out, F8 (Flyball, 8RM, EV 71.9 MPH)
Top of the 5th over - 0 runs, 1 hit, 0 errors, 1 left on base; Omaha 1 - Las Vegas 2
BOTTOM OF THE 5TH
Las Vegas 51s batting - Pitching for Omaha Storm Chasers : LHP Jim Connell
Batting: RHB Yutaka Higashi 0-0: Called Strike
0-1: Foul Ball, location: 5F
0-2: Ball
1-2: Ball
2-2: Strikes out looking
Batting: LHB Steve Thompson 0-0: Swinging Strike
0-1: Foul Ball, location: 5F
0-2: DOUBLE (Flyball, 78D, EV 105.6 MPH)
Batting: RHB Gil Cruz 0-0: Ball
1-0: Ball
2-0: Ball
Wild Pitch!
Steve Thompson to third
3-0: Called Strike
3-1: Fly out, F7 (Flyball, 78D, EV 105.0 MPH)
Runner from 3rd tags up, SCORES, throw by LF
Batting: LHB Brandon Corter 0-0: Ball
1-0: Ball
2-0: Foul Ball, location: 3FF
2-1: Ball
3-1: Swinging Strike
3-2: Fly out, F8 (Line Drive, 89M, EV 93.1 MPH)
Bottom of the 5th over - 1 run, 1 hit, 0 errors, 0 left on base; Omaha 1 - Las Vegas 3
TOP OF THE 6TH
Omaha Storm Chasers batting - Pitching for Las Vegas 51s : RHP Tommy Diamond
Batting: RHB Jayden Oden 0-0: Ball
1-0: Foul Ball, location: 9LSF
1-1: Called Strike
1-2: Ball
2-2: Foul Ball, location: 25F
2-2: Ground out 6-3 (Groundball, 56, EV 90.0 MPH)
Batting: RHB Travis Bernsen 0-0: Foul Ball, location: 5DF
0-1: Foul Ball, location: 23FF
0-2: Ball
1-2: Strikes out swinging
Batting: RHB Matt McElhose 0-0: Called Strike
0-1: Ball
1-1: Ball
2-1: Foul Ball, location: 23F
2-2: SINGLE (Groundball, 56D, EV 96.3 MPH)
Batting: RHB Kyle Mellecker 0-0: Ball
1-0: Ball
2-0: Ball
3-0: Called Strike
3-1: Called Strike
3-2: Foul Ball, location: 2F
3-2: SINGLE (Groundball, P, EV 86.9 MPH) (infield hit)
Matt McElhose to second
Batting: RHB Gabe Pike 0-0: Ball
1-0: Fly out, F8 (Flyball, 8RXD, EV 109.4 MPH)
Top of the 6th over - 0 runs, 2 hits, 0 errors, 2 left on base; Omaha 1 - Las Vegas 3
BOTTOM OF THE 6TH
Las Vegas 51s batting - Pitching for Omaha Storm Chasers : LHP Jim Connell
Batting: SHB Tom Garrison 0-0: Ground out 4-3 (Groundball, 4, EV 98.8 MPH)
Batting: SHB Dave Noriega 0-0: DOUBLE (Flyball, 8LXD, EV 111.3 MPH)
Batting: RHB Omar Munoz 0-0: Ball
1-0: Called Strike
1-1: SINGLE (Flyball, 9LS, EV 88.8 MPH)
Dave Noriega to third
Batting: RHB Joseph Burgess 0-0: Ball
1-0: Swinging Strike
1-1: Ball
2-1: Called Strike
2-2: Foul Ball, location: 2F
2-2: Ball
3-2: Strikes out swinging
Batting: LHB Jared Fetzer 0-0: Called Strike
0-1: Swinging Strike
0-2: DOUBLE (Line Drive, 89XD, EV 104.4 MPH)
Dave Noriega scores
Omar Munoz to third
Batting: RHB Yutaka Higashi 0-0: Called Strike
0-1: Called Strike
0-2: Ball
1-2: Fly out, F8 (Flyball, 8LM, EV 94.4 MPH)
Bottom of the 6th over - 1 run, 3 hits, 0 errors, 2 left on base; Omaha 1 - Las Vegas 4
TOP OF THE 7TH
Omaha Storm Chasers batting - Pitching for Las Vegas 51s : RHP Tommy Diamond
Batting: RHB Dan Redmond 0-0: Ball
1-0: Called Strike
1-1: Ground out 5-3 (Groundball, 56, EV 81.3 MPH)
Batting: RHB Mike Cassidy 0-0: Ball
1-0: Called Strike
1-1: Foul Ball, location: 9LMF
1-2: Ball
2-2: Foul Ball, location: 2F
2-2: Foul Ball, location: 9LDF
2-2: Ball
3-2: Strikes out swinging
Batting: RHB Tom Turnage 0-0: Foul Ball, location: 7LMFF
0-1: Ball
1-1: Swinging Strike
1-2: Fly out, F4 (Popup, 4MD, EV 66.3 MPH)
Top of the 7th over - 0 runs, 0 hits, 0 errors, 0 left on base; Omaha 1 - Las Vegas 4
BOTTOM OF THE 7TH
Las Vegas 51s batting - Pitching for Omaha Storm Chasers : LHP Jim Connell
Batting: LHB Steve Thompson 0-0: Ball
1-0: Called Strike
1-1: Called Strike
1-2: Foul Ball, location: 2F
1-2: Ball
2-2: Ball
3-2: Foul Ball, location: 23FF
3-2: Foul Ball, location: 2F
3-2: Foul Ball, location: 2F
3-2: Strikes out looking
Batting: RHB Gil Cruz 0-0: Foul Ball, location: 2F
0-1: Ground out 3-1 (Groundball, 34, EV 106.3 MPH)
Batting: LHB Brandon Corter 0-0: Foul Ball, location: 3FF
0-1: Ball
1-1: Swinging Strike
1-2: Strikes out swinging
Bottom of the 7th over - 0 runs, 0 hits, 0 errors, 0 left on base; Omaha 1 - Las Vegas 4
TOP OF THE 8TH
Omaha Storm Chasers batting - Pitching for Las Vegas 51s : RHP Tommy Diamond
Pitching: LHP Ed Negron
Batting: RHB Jacob Huckaby 0-0: Called Strike
0-1: Ball
1-1: Fly out, F4 (Popup, 23, EV 82.5 MPH)
Batting: RHB Jayden Oden 0-0: Foul Ball, location: 9LSF
0-1: Foul Ball, location: 2F
0-2: Ball
1-2: Foul Ball, location: 2F
1-2: Strikes out swinging
Batting: RHB Travis Bernsen 0-0: Ball
1-0: Called Strike
1-1: Ball
2-1: Swinging Strike
2-2: Strikes out swinging
Top of the 8th over - 0 runs, 0 hits, 0 errors, 0 left on base; Omaha 1 - Las Vegas 4
BOTTOM OF THE 8TH
Las Vegas 51s batting - Pitching for Omaha Storm Chasers : LHP Jim Connell
Pitching: RHP Ryan Porterfield
Batting: SHB Tom Garrison 0-0: Called Strike
0-1: Fly out, F7 (Flyball, 7LM, EV 110.6 MPH)
Batting: SHB Dave Noriega 0-0: Ball
1-0: Foul Ball, location: 5FF
1-1: Ball
2-1: SOLO HOME RUN (Flyball, 9D, EV 95.6 MPH), Distance : 382 ft
Batting: RHB Omar Munoz 0-0: Ball
1-0: SINGLE (Groundball, 6MD, EV 101.3 MPH)
Batting: RHB Joseph Burgess 0-0: Grounds into double play, 5-4-3 (Groundball, 56S, EV 90.6 MPH)
Bottom of the 8th over - 1 run, 2 hits, 0 errors, 0 left on base; Omaha 1 - Las Vegas 5
TOP OF THE 9TH
Omaha Storm Chasers batting - Pitching for Las Vegas 51s : LHP Ed Negron
Batting: RHB Matt McElhose 0-0: Ball
1-0: Ball
2-0: Ball
3-0: Called Strike
3-1: Called Strike
3-2: Ground out 5-3 (Groundball, 5L, EV 98.8 MPH)
Batting: RHB Kyle Mellecker 0-0: Called Strike
0-1: Ball
1-1: Fly out, F8 (Flyball, 89D, EV 100.0 MPH)
Batting: RHB Gabe Pike 0-0: Foul Ball, location: 9LMF
0-1: Swinging Strike
0-2: Strikes out swinging
Top of the 9th over - 0 runs, 0 hits, 0 errors, 0 left on base; Omaha 1 - Las Vegas 5
Saturday, May 4th , 2024 - OOTP Baseball 24.11 Build 85